Map: Eindringling LE

Players

Panda

  • Race: Zerg Zerg
  • League: Diamond
  • Spawn Location: 11:00

rAyLayA - Winner!

  • Race: Terran Terran
  • League: Master
  • Spawn Location: 5:00

VOD

Have the link to the VOD?

Description

Time

  • Played on: Sept. 9, 2017, 5:07 p.m.
  • Length: 16:07
Show
View Real Time Build Order
Export as new Build Order

Panda Zerg 

Build Orders: Pool First, Zergling Baneling 

Get SALT Encoding   

  12  0:01  Drone  
  13  0:18  Extractor  
  12  0:24  Spawning Pool  
  11  0:29  Drone  
  11  0:34  Drone  
  13  0:38  Drone  
  14  0:46  Overlord  
  14  1:13  Zergling x6  
  14  1:14  Queen  
  19  1:25  Metabolic Boost  
  19  1:39  Overlord  
  19  1:46  Baneling Nest  
  18  1:48  Zergling x2  
  19  2:03  Zergling x4  
  21  2:13  Zergling x2  
  22  2:20  Zergling x2  
  23  2:36  Baneling x2  
  22  2:37  Baneling  
  22  2:39  Zergling x6, Baneling  
  25  2:51  Zergling x2  
  26  3:04  Zergling x2  
  24  3:12  Zergling x2  
  22  3:16  Zergling x6  
  25  3:29  Zergling x2  
  22  3:35  Zergling x2  
  23  3:42  Baneling x2  
  23  3:44  Zergling x2  
  23  4:02  Zergling x2  
  23  4:05  Zergling x2  
  21  4:18  Zergling x2  
  22  4:31  Zergling x4  
  23  4:32  Zergling x2  
  23  4:36  Baneling x2  
  22  4:58  Zergling x8  
  24  5:20  Zergling x10  
  26  5:27  Baneling  
  24  5:52  Zergling x6  
  21  6:10  Zergling x2  
  21  6:11  Zergling x4  
  24  6:20  Zergling x2  
  24  6:22  Baneling x2  
  24  6:24  Zergling x2  
  24  6:27  Queen  
  24  6:50  Zergling x6  
  26  6:55  Zergling x2  
  26  7:04  Zergling x6  
  27  7:18  Zergling x2  
  28  7:32  Zergling x2  
  25  7:46  Zergling x8  
  26  8:11  Baneling  
  24  8:20  Overlord x3  
  20  8:38  Baneling x2  
  20  8:39  Zergling x2  
  19  8:55  Zergling x8  
  22  8:58  Hatchery  
  22  9:02  Drone  
  22  9:12  Drone  
  23  9:24  Drone, Baneling x2  
  23  9:25  Drone x3, Hatchery  
  26  9:38  Evolution Chamber  
  26  9:39  Drone  
  26  9:40  Evolution Chamber  
  25  9:51  Overlord x2  
  25  9:59  Drone  
  26  10:00  Drone  
  27  10:09  Overlord  
  27  10:12  Zerg Ground Armor Level 1  
  27  10:13  Zerg Melee Weapons Level 1  
  27  10:18  Drone x3  
  30  10:23  Drone  
  31  10:38  Drone  
  31  10:39  Queen  
  31  11:03  Zergling x20  
  39  11:13  Spine Crawler  
  38  11:20  Lair  
  34  11:38  Drone x3  
  35  11:45  Drone x3  
  38  11:48  Spore Crawler  
  38  11:49  Spore Crawler, Spine Crawler  
  38  11:50  Spore Crawler  
  38  11:54  Spore Crawler  
  27  12:19  Drone x3  
  27  12:22  Drone x7  
  37  12:44  Extractor x2  
  36  12:50  Extractor  
  34  12:53  Spire  
  34  12:56  Drone x2  
  34  12:57  Drone  
  36  13:08  Zergling x6  
  39  13:13  Queen  
  38  13:32  Drone  
  39  13:43  Drone x2  
  40  13:52  Overlord x4  
  39  14:01  Queen  
  38  14:14  Queen  
  40  14:21  Baneling  
  40  14:22  Baneling x2  
  40  14:23  Zergling x8  
  40  14:24  Zergling x2  
  44  14:40  Queen  
  45  14:50  Zergling x2  
  45  14:51  Zergling x2  
  43  14:58  Zergling x2  
  43  15:13  Mutalisk  
  43  15:15  Mutalisk  
Show
View Real Time Build Order
Export as new Build Order

rAyLayA Terran - Winner!

Build Orders:  

Get SALT Encoding   

  12  0:01  SCV  
  13  0:13  SCV  
  14  0:17  Supply Depot  
  14  0:25  SCV  
  15  0:39  SCV  
  15  0:41  Barracks  
  16  0:47  Refinery  
  16  0:51  SCV  
  17  1:03  SCV  
  18  1:15  SCV  
  19  1:21  Refinery  
  19  1:30  Orbital Command  
  19  1:32  Reaper  
  20  1:43  Supply Depot  
  20  1:59  SCV  
  21  2:06  Marine  
  21  2:07  Factory  
  21  2:17  SCV  
  22  2:28  Marine  
  22  2:29  SCV  
  24  2:43  SCV  
  24  2:53  Starport, Barracks Reactor, Widow Mine  
  24  2:55  SCV  
  24  3:22  Marine  
  17  3:41  Supply Depot x2  
  17  3:43  Supply Depot  
  16  3:59  Marine  
  16  4:01  Liberator  
  16  4:02  Widow Mine  
  15  4:55  Marine  
  14  5:11  SCV  
  14  5:17  Marine  
  15  5:26  Supply Depot  
  15  5:48  SCV  
  13  6:14  SCV  
  13  6:15  Cyclone  
  14  6:26  SCV  
  14  6:44  SCV  
  15  7:04  SCV  
  15  7:06  Widow Mine  
  18  7:25  Viking  
  20  7:44  SCV  
  21  7:58  SCV  
  22  8:12  SCV  
  22  8:31  SCV  
  23  8:50  Barracks  
  23  9:06  Supply Depot  
  23  9:26  Supply Depot  
  23  9:28  SCV  
  24  9:38  Medivac  
  26  9:48  Barracks Tech Lab  
  26  9:50  SCV  
  27  10:03  Cyclone, SCV  
  31  10:09  Marine  
  32  10:19  SCV  
  33  10:46  Cyclone  
  34  10:56  Marine, SCV  
  32  11:08  SCV  
  33  11:15  Marine  
  33  11:16  Stimpack  
  34  11:20  SCV  
  35  11:32  SCV  
  36  11:36  Barracks x2  
  36  11:44  SCV  
  37  11:54  Widow Mine  
  37  12:00  Supply Depot  
  39  12:21  Medivac, Marine  
  39  12:22  SCV  
  43  12:23  Supply Depot  
  43  12:24  Marine x2  
  43  12:25  Factory Reactor  
  45  12:34  SCV  
  46  12:39  Marine  
  47  12:44  Marine x2  
  49  12:53  Command Center  
  49  13:02  Medivac, SCV  
  49  13:03  Marine x2  
  54  13:07  Refinery  
  54  13:33  SCV  
  55  13:36  Combat Shields  
  55  13:57  Widow Mine  
  55  14:04  Marine x3  
  55  14:07  Widow Mine  
  60  14:10  Medivac  
  62  14:22  Marine x3  
  65  14:26  Widow Mine  
  67  14:33  SCV  
  67  14:34  Orbital Command  
  68  14:40  Marine x2  
  70  15:05  Marine  
  70  15:23  Supply Depot  
  70  15:45  Marine x2, SCV  
Tags
 
Matchup
TvZ
Opening
Pool First
Replay Pack
replays1
Spawn Locations
Cross Positions
Add a new tag
Caveats
  • Supply blocks, unpowered buildings, or Contaminate may cause inaccurate times.
  • Supply counts are checked every 10 seconds.